Map: 뉴 리퍼그넌시 - 래더

Players

KeeN

  • Race: Terran Terran
  • League: Grandmaster
  • Spawn Location: 7:00

Zest - Winner!

  • Race: Protoss Protoss
  • League: Master
  • Spawn Location: 1:00

VOD

Have the link to the VOD?

Description

Time

  • Played on: July 22, 2019, 8:11 a.m.
  • Length: 8:45
Show
View Real Time Build Order
Export as new Build Order

KeeN Terran 

Build Orders:  

Get SALT Encoding   

  12  0:00  SCV  
  13  0:12  SCV  
  14  0:17  Supply Depot  
  14  0:24  SCV  
  15  0:39  SCV  
  15  0:41  Barracks  
  16  0:44  Refinery  
  16  0:51  SCV  
  17  1:03  SCV  
  18  1:15  SCV  
  19  1:27  Orbital Command  
  19  1:30  Barracks Reactor  
  19  1:39  Command Center  
  19  1:46  Supply Depot  
  19  1:52  Refinery  
  19  1:55  SCV  
  20  2:06  Marine x2  
  20  2:08  SCV  
  23  2:15  Factory  
  23  2:20  SCV  
  24  2:24  Marine x2  
  26  2:32  SCV  
  27  2:42  Marine x2  
  30  2:44  SCV  
  30  2:51  Orbital Command  
  30  2:57  SCV  
  31  3:05  Hellion x2  
  35  3:07  Starport  
  35  3:10  SCV  
  36  3:13  Barracks Tech Lab  
  36  3:17  SCV  
  37  3:24  SCV  
  38  3:30  Supply Depot, SCV  
  39  3:35  Cyclone  
  39  3:36  SCV  
  39  3:37  Marine x2  
  45  3:43  SCV  
  43  3:56  SCV  
  41  4:03  SCV  
  41  4:06  Marine x2  
  41  4:08  Barracks, SCV, Starport Tech Lab  
  43  4:11  Barracks, Siege Tank  
  43  4:15  Supply Depot  
  46  4:17  SCV  
  46  4:20  Refinery, SCV  
  46  4:23  Supply Depot  
  48  4:28  Raven  
  48  4:29  SCV  
  51  4:32  SCV  
  51  4:33  Marine x2  
  54  4:39  Supply Depot  
  54  4:43  SCV  
  54  4:44  SCV  
  56  4:46  Siege Tank  
  56  4:51  Marine x2  
  61  4:56  Supply Depot, SCV  
  61  4:57  SCV  
  61  4:59  Barracks Tech Lab  
  63  5:09  Engineering Bay  
  63  5:11  Marine x2  
  65  5:14  Combat Shield  
  65  5:17  Starport Reactor  
  65  5:18  Stimpack  
  65  5:21  Marine x2  
  65  5:26  Refinery  
  67  5:28  Marine  
  67  5:30  SCV  
  67  5:31  Siege Tank  
  69  5:37  Terran Infantry Weapons Level 1  
  69  5:41  Barracks  
  69  5:42  Barracks  
  68  5:47  Marauder x2  
  68  5:48  Marine x2  
  72  5:50  SCV  
  72  5:51  SCV  
  72  5:53  Supply Depot  
  74  5:58  Medivac x2  
  78  6:06  Marine x2  
  78  6:11  Marauder x2  
  83  6:15  Siege Tank  
  86  6:19  Supply Depot  
  86  6:22  Supply Depot  
  86  6:24  Marine x2  
  88  6:29  Barracks Tech Lab, Barracks Reactor  
  88  6:34  Marine x2  
  88  6:38  Medivac  
  92  6:42  Marine, Supply Depot  
  92  6:43  Medivac  
  95  6:48  Marauder  
  95  6:50  Marine  
  95  6:52  Marine  
  95  6:53  Marauder  
  100  7:09  Marine x4  
  100  7:10  Marauder  
  100  7:11  Marauder  
  100  7:13  Supply Depot x2  
  100  7:14  Marauder  
  107  7:27  Marine  
  108  7:31  Medivac, Marauder  
  108  7:32  Marauder, Medivac  
  108  7:35  Marauder  
  116  7:38  Marine  
  117  7:46  Marine  
  117  7:47  Marine x2  
  120  7:53  Marauder  
  92  8:11  Marine x2  
  92  8:12  Marauder  
  60  8:23  Marauder x2  
  60  8:24  Marine x2  
Show
View Real Time Build Order
Export as new Build Order

Zest Protoss - Winner!

Build Orders: 1 Gate Expand, Blink Stalkers 

Get SALT Encoding   

  12  0:00  Probe  
  13  0:12  Probe  
  14  0:17  Pylon  
  14  0:23  Probe  
  15  0:31  Probe  
  16  0:36  Gateway  
  16  0:39  Probe  
  16  0:45  Assimilator  
  17  0:51  Probe  
  18  1:03  Probe  
  19  1:15  Probe  
  20  1:23  Cybernetics Core  
  20  1:31  Nexus  
  20  1:34  Probe  
  21  1:41  Pylon  
  21  1:46  Probe  
  22  1:48  Assimilator  
  22  1:49  Adept  
  22  1:58  Probe  
  22  2:01  Warp Gate  
  25  2:10  Probe  
  25  2:11  Adept  
  26  2:16  Twilight Council  
  28  2:24  Probe  
  29  2:36  Probe  
  30  2:43  Probe, Sentry  
  33  2:45  Blink  
  33  2:48  Probe  
  34  2:55  Probe  
  35  2:59  Gateway  
  35  3:02  Probe  
  36  3:07  Probe  
  36  3:11  Pylon  
  37  3:13  Stalker  
  37  3:16  Probe  
  37  3:19  Probe  
  41  3:29  Shield Battery  
  41  3:32  Probe x2  
  43  3:43  Pylon  
  43  3:52  Stalker  
  43  3:55  Probe x2  
  40  4:02  Stalker  
  40  4:07  Probe x2  
  40  4:09  Stalker  
  46  4:12  Robotics Facility  
  46  4:19  Nexus  
  46  4:21  Shield Battery  
  46  4:25  Sentry  
  46  4:26  Probe x2  
  46  4:30  Pylon  
  50  4:35  Stalker  
  52  4:39  Probe x2  
  52  4:42  Pylon  
  54  4:48  Stalker  
  54  4:51  Pylon  
  54  4:52  Probe  
  57  4:57  Assimilator  
  57  4:58  Stalker  
  59  5:02  Probe  
  59  5:04  Probe  
  61  5:08  Observer  
  61  5:12  Forge  
  61  5:14  Probe  
  63  5:16  Probe  
  64  5:26  Probe  
  64  5:28  Probe  
  66  5:33  Protoss Ground Armor Level 1  
  64  5:38  Probe x2  
  64  5:39  Stalker x2, Charge  
  64  5:40  Probe  
  69  5:50  Probe x2  
  69  5:52  Probe  
  72  5:57  Gateway  
  72  5:59  Gateway  
  72  6:00  Gateway  
  72  6:02  Gateway  
  72  6:07  Gateway  
  72  6:10  Probe x3  
  72  6:11  Immortal  
  75  6:14  Pylon  
  75  6:15  Pylon  
  75  6:17  Gateway  
  75  6:21  Observer  
  75  6:24  Pylon  
  79  6:27  Sentry x2  
  79  6:29  Probe  
  79  6:30  Probe  
  79  6:31  Probe  
  86  6:37  Assimilator  
  86  6:41  Immortal  
  86  6:47  Pylon  
  86  6:48  Pylon  
  86  6:50  Probe x3  
  86  6:53  Photon Cannon  
  93  7:09  Zealot x7  
  93  7:14  Templar Archives  
  107  7:15  Assimilator  
  107  7:23  Assimilator  
  107  7:26  Immortal  
  111  7:36  Zealot  
  111  7:37  Zealot x6  
  117  7:38  Zealot  
  117  7:43  Pylon  
  127  7:57  Zealot x7  
  137  8:00  Zealot  
  99  8:25  Stalker x8  
Tags
 
Add a new tag
Caveats
  • Supply blocks, unpowered buildings, or Contaminate may cause inaccurate times.
  • Supply counts are checked every 10 seconds.